 Dungeon Crawl Stone Soup version 0.28-a0-1429-gf3d713df7a (webtiles) character file.

Game seed: 1704481484085721396

18 Cheeritup the Caller (level 2, -2/15 HPs)
             Began as a Tengu Summoner on Jan 8, 2022.
             Slain by Robin (4 damage)
             ... on level 2 of the Dungeon.
             The game lasted 00:03:54 (1755 turns).

Cheeritup the Caller (Tengu Summoner)               Turns: 1755, Time: 00:03:55

Health: -2/15      AC:  2    Str:  8    XL:     2   Next: 66%
Magic:  1/6        EV: 12    Int: 15    God:
Gold:   19         SH:  0    Dex: 14    Spells: 2/5 levels left

rFire   . . .      SeeInvis .   c - staff of conjuration
rCold   . . .      Faith    .   (no shield)
rNeg    . . .      Spirit   .   a - +0 robe
rPois   .          Reflect  .   (helmet restricted)
rElec   .          Harm     .   (no cloak)
rCorr   .          Rampage  .   (no gloves)
Will    .....                   (boots unavailable)
Stlth   ++........              (no amulet)
HPRegen 0.05/turn               (no ring)
MPRegen 0.10/turn               (no ring)

@: no status effects
A: beak, talons 3
a: no special abilities


You were on level 2 of the Dungeon.
You visited 1 branch of the dungeon, and saw 2 of its levels.

You collected 19 gold pieces.

Inventory:

Armour
 a - a +0 robe (worn)
Magical Staves
 c - a staff of conjuration (weapon)
Scrolls
 d - a scroll of enchant weapon {unknown}
Potions
 f - a potion of degeneration {unknown}


   Skills:
 * Level 1.2 Staves
 - Level 2.1 Dodging
 - Level 2.0 Stealth
 - Level 2.0 Spellcasting
 + Level 1.0 Conjurations
 + Level 5.2 Summonings


You had 2 spell levels left.
You knew the following spells:

 Your Spells              Type           Power      Damage    Failure   Level
a - Summon Small Mammal   Summ           68%        N/A       2%          1
b - Call Imp              Summ           17%        N/A       3%          2

Your spell library contained the following spells:

 Spells                   Type           Power      Damage    Failure   Level
 Call Canine Familiar     Summ           17%        N/A       8%          3
 Summon Guardian Golem    Hex/Summ       9%         N/A       22%         3
 Summon Lightning Spire   Summ/Air       9%         N/A       58%         4


Dungeon Overview and Level Annotations

Branches:
Dungeon (2/15)

Altars:

Annotations:
D:2 Robin


Innate Abilities, Weirdness & Mutations

You have a beak for a mouth.
You have claws for feet.


Message History

A hobgoblin comes into view.
Your magical contamination has completely faded away.
Your bat hits Robin but does no damage. Your bat hits Robin.
Your bat hits Robin but does no damage. Robin barely misses your bat.
Casting: Summon Small Mammal (safe; 2% risk of failure)
Confirm with . or Enter, or press ? or * to list all spells.
A beastly little devil appears in a puff of flame.
Your bat hits Robin but does no damage.
Robin hits your bat with a +0 short sword.
Your bat dies!
Your bat's corpse disappears in a puff of smoke!
Robin shouts!
You swap places.
What are your orders? t - Shout!
Orders for allies: a - Attack new target. r - Retreat! s - Stop attacking. g - Guard the area. f - Follow me.
Anything else - Cancel.
Guard this area!
A rat comes into view.
Robin barely misses your crimson imp.
Your crimson imp closely misses Robin.
As you read the scroll labelled PIUQOH TOWIYL, it crumbles to dust.
The scroll dissolves into smoke.
It was a scroll of fog.
Something hits your crimson imp but does no damage.
As you read the scroll labelled GETZETURASSU, it crumbles to dust.
You feel aware of your surroundings.
It was a scroll of magic mapping.
The hobgoblin no longer looks unusually strong.
Robin roars a battlecry!
The hobgoblin goes into a battle-frenzy!
Your crimson imp blinks!
You barely miss Robin. You claw Robin, but do no damage.
You peck Robin, but do no damage.
Robin is almost dead.
Robin barely misses you.
You closely miss Robin. Your kick misses Robin.
Robin is almost dead.
Robin hits you with a +0 short sword.
You die...

*≈,≈* * *≈,≈* * *≈,≈*
********** *≈,≈* *,,,,,,,**
*****,,,* *,,,,,,,**
*,,,*+++* *,,,,,,,**
*,,,,,,,* *,,,,,,,**
*,,,,**###########.,,,,,,**
*,,,,* #gg@§§§...r.,,,,,,**
*,,,,* #§#########.,,,,,,**
**,*** #.#....g.g.,*,******
**,*** #.#.#######,*,******
*,,,,* #g#.......#,*,**,,,,
*,,,,* #.#.#####.#,*,**,***
*,,,,* #g#.......#,*,**,***
**,*** #.#.#######,*,**,,,,
*,* #..<.......,*,*,,,,*


You could see Robin and a hobgoblin (strong).

Vanquished Creatures
  2 endoplasms (D:1)
  A giant cockroach (D:1)
  6 goblins (D:1)
  A hobgoblin (D:2)
  A bat (D:1)
  2 frilled lizards (D:1)
  A rat (D:1)
14 creatures vanquished.

Vanquished Creatures (collateral kills)
  A goblin (D:1)
1 creature vanquished.

Grand Total: 15 creatures vanquished

Notes
Turn   | Place    | Note
-------+----------+-------------------------------------------
     0 | D:1      | Cheeritup the Tengu Summoner began the quest for the Orb.
     0 | D:1      | Reached XP level 1. HP: 10/10 MP: 4/4
   177 | D:1      | Reached skill level 5 in Summonings
   618 | D:1      | Reached XP level 2. HP: 15/15 MP: 6/6
   621 | D:1      | Learned a level 2 spell: Call Imp
  1124 | D:2      | Noticed Robin
  1137 | D:1      | Reached skill level 1 in Staves
  1446 | D:1      | Reached skill level 1 in Conjurations
  1755 | D:2      | Slain by Robin

Illustrated notes

Levels and vault maps discovered:
D:1:      dpeg_arrival_pond, layout_loops_corners
D:2:      layout_basic, kennysheep_cross_bottleneck, uniq_crazy_yiuf_cottage,
          uniq_robin

Skill      XL: |  1  2 |
---------------+-------+-----
Summonings     | 5 |  5.2
Staves         | 1 |  1.2
Conjurations   | 1 |  1.0
Dodging        | |  2.1
Stealth        | |  2.0
Spellcasting   | |  2.0

Action                   || total
-------------------------++-------
Melee: Unarmed           ||    15
       Staff             ||    31
       Kick              ||    10
       Peck              ||     9
 Cast: Summon Small Mamm ||     3
       Call Imp          ||     2
  Use: Scroll            ||     2
Armor: Robe              ||    14
Dodge: Dodged            ||    36

Table legend: (Time is in decaauts)
 A = Elapsed time spent in this place.
 B = Non-inter-level travel time spent in this place.
 C = Inter-level travel time spent in this place.
 D = Time resting spent in this place.
 E = Time spent auto-exploring this place.
 F = Levels seen in this place.
 G = Mean time per level.
                   A        B        C        D        E       F      G
               +--------+--------+--------+--------+--------+-----+--------+
         Total |   1762 |   1726 |     36 |    819 |    698 |   2 |  881.0 |
       Dungeon |   1762 |   1726 |     36 |    819 |    698 |   2 |  881.0 |
               +--------+--------+--------+--------+--------+-----+--------+

Top non-repeatable levels by time:
     D:1: 1702 daAuts
     D:2: 59 daAuts
